 Dungeon Crawl Stone Soup version 0.25.0-1-g7eea58d2a3 (webtiles) character file.

Game seed: 509613636918389225

3065 mopl the Insei (level 10, 0/64 HPs)
             Began as a Kobold Transmuter on June 15, 2020.
             Was an Initiate of Nemelex Xobeh.
             Slain by a killer bee (4 damage)
             ... on level 7 of the Dungeon.
             The game lasted 00:20:43 (10267 turns).

mopl the Insei (Kobold Transmuter)                 Turns: 10267, Time: 00:20:44

Health: 0/64       AC:  6    Str: 11    XL:     10   Next: 12%
Magic:  7/18       EV: 15    Int: 15    God:    Nemelex Xobeh [......]
Gold:   360        SH:  0    Dex: 15    Spells: 2/19 levels left

rFire    x . .     SeeInvis .     - Unarmed
rCold    + + +     Gourm    .   (shield currently unavailable)
rNeg     . . .     Faith    .   (armour currently unavailable)
rPois    +         Spirit   .   (helmet currently unavailable)
rElec    .         Reflect  .   (cloak currently unavailable)
rCorr    .         Harm     .   (gloves currently unavailable)
MR       .....                  (boots currently unavailable)
Stlth    +.........             (no amulet)
HPRegen  0.20/turn              l - +4 ring of evasion
MPRegen  0.16/turn              (no ring)

@: ice-form
A: large, carnivore
a: End Transformation, Draw Escape, Draw Destruction, Draw Summoning, Renounce
Religion


You were on level 7 of the Dungeon.
You worshipped Nemelex Xobeh.
Nemelex Xobeh was noncommittal.
You were very full.
You were a creature of crystalline ice.
You visited 1 branch of the dungeon, and saw 7 of its levels.

You collected 360 gold pieces.

Inventory:

Hand Weapons
 b - a +0 hunting sling of freezing (melded)
 v - a +1 dagger of venom
Missiles
 a - 189 arrows
 f - 337 stones
 i - 30 poisoned darts (quivered)
 j - 90 sling bullets
 q - a throwing net
 x - 10 boomerangs
Armour
 s - a +1 robe (melded)
 t - a +0 pair of boots (melded)
 w - a +0 helmet (melded)
 D - a scarf of repulsion (melded)
 H - a +0 pair of gloves (melded)
Jewellery
 l - a +4 ring of evasion (left front paw)
Wands
 k - a wand of polymorph (1)
 y - a wand of disintegration (8)
 E - a wand of paralysis (12)
Scrolls
 c - 3 scrolls of remove curse
 e - a scroll of enchant armour
 u - 3 scrolls of immolation {unknown}
 z - a scroll of magic mapping {unknown}
 B - a scroll of amnesia {unknown}
 C - 2 scrolls of teleportation {unknown}
 F - a scroll of silence {unknown}
 G - a scroll of fear {unknown}
 I - a scroll of identify
Potions
 g - 2 potions of flight
 h - a potion of resistance
 m - a potion of stabbing
 n - a potion of magic
 o - a potion of lignification
 p - 4 potions of invisibility
 r - 5 potions of curing
 A - 2 potions of cancellation
 K - 2 potions of heal wounds {unknown}
Comestibles
 d - 15 rations
 J - 11 chunks of flesh


   Skills:
 - Level 2.4 Fighting
 + Level 4.6 Throwing
 - Level 2.4 Dodging
 * Level 7.7 Unarmed Combat
 + Level 5.4 Spellcasting
 + Level 5.3 Transmutations
 - Level 4.0 Ice Magic
 + Level 1.5 Earth Magic
 - Level 2.0 Poison Magic
 + Level 3.1 Invocations
 + Level 4.9 Evocations


You had 2 spell levels left.
You knew the following spells:

 Your Spells              Type           Power        Failure   Level  Hunger
a - Beastly Appendage     Tmut           ###...       1%          1    None
b - Spider Form           Tmut/Pois      ###.......   11%         3    ###....
c - Blade Hands           Tmut           ###.......   43%         5    ######.
d - Ice Form              Ice/Tmut       ###.....     22%         4    ####...
p - Passwall              Tmut/Erth      ##......     6%          2    #......
w - Sticks to Snakes      Tmut           ###.....     2%          2    #......

Your spell library contained the following spells:

 Spells                   Type           Power        Failure   Level  Hunger
 Sandblast                Erth           #.....       9%          1    None
 Stone Arrow              Conj/Erth      #.....       34%         3    ###....
 Petrify                  Tmut/Erth      ##......     36%         4    ####...
 Lee's Rapid Deconstruct  Erth           #.........   93%         5    ######.


Dungeon Overview and Level Annotations

Branches:
Dungeon (7/15)             Temple (0/1) D:7

Altars:
Dithmenos
Hepliaklqana
Nemelex Xobeh
Trog
Vehumet
Xom

Shops:
D:4 :


Innate Abilities, Weirdness & Mutations

You are small and have problems with some larger weapons.
You are carnivorous and can eat meat at any time.


Message History

You barely miss the killer bee.
The killer bee is severely wounded.
The killer bee closely misses you.
You punch the killer bee! You freeze the killer bee.
You kill the killer bee!
The killer bee barely misses you.
You hit the killer bee but do no damage.
The killer bee misses you. The killer bee barely misses you.
Your magical contamination has completely faded away.
You miss the killer bee. The killer bee barely misses you.
You closely miss the killer bee. The killer bee stings you.
* * * LOW HITPOINT WARNING * * *
The killer bee stings you.
* * * LOW HITPOINT WARNING * * *
You hit the killer bee but do no damage.
The killer bee closely misses you. The killer bee stings you.
* * * LOW HITPOINT WARNING * * *
You miss the killer bee. The killer bee stings you.
You die...
Your body disappears without a glow.

...# ##....._..#
...########.........#
........##.....8....#
.........y..........####
.........###._.........[
##.######.##.......#####
#.# #.#..#...### #.#
#...####y# #+# ##.## #Y#
⌠.⌠#####...# #.#
+.Z.#.....#.####'#######
#⌠[⌠#######.##.........#
###..#.........#
#..............#
#..............# .##
##......(...>...# ..#
................#


You could see a killer bee.

Vanquished Creatures
  Grinder (D:4)
  A hungry ghost (D:7)
  Edmund (D:5)
  An orc warrior (D:7)
  A sky beast (D:5)
  A black bear (D:6)
  2 phantoms
  2 ogres
  3 centaurs
  A big kobold (D:7)
  2 bullfrogs
  A water moccasin zombie (D:4)
  2 scorpions (D:6)
  2 killer bees (D:7)
  4 wights (D:6)
  2 crimson imps (D:5)
  A bullfrog zombie (D:6)
  6 hounds
  A jelly (D:7)
  2 orc priests (D:7)
  9 orc wizards
  2 iguanas
  Terence (D:2)
  8 worker ants
  A killer bee zombie (D:2)
  Robin (D:4)
  A gnoll (D:2)
  5 adders
  2 shadow imps
  An adder skeleton (D:5)
  3 worms
  3 dart slugs
  2 leopard geckos
  26 orcs
  8 bats
  3 giant cockroaches
  14 goblins
  9 hobgoblins
  5 jackals
  2 quokkas
  A ball python (D:1)
  4 frilled lizards
  A jackal skeleton (D:5)
  13 kobolds
  A quokka skeleton (D:6)
  A quokka zombie (D:5)
  12 rats
176 creatures vanquished.

Vanquished Creatures (collateral kills)
  A killer bee (D:7)
  A wight (D:5)
  A worker ant (D:2)
  2 adders (D:3)
  An orc (D:4)
  A goblin (D:3)
  A kobold (D:2)
8 creatures vanquished.

Grand Total: 184 creatures vanquished

Notes
Turn   | Place    | Note
-------+----------+-------------------------------------------
     0 | D:1      | mopl the Kobold Transmuter began the quest for the Orb.
     0 | D:1      | Reached XP level 1. HP: 12/12 MP: 3/3
   174 | D:1      | Reached XP level 2. HP: 16/16 MP: 5/5
   182 | D:1      | Learned a level 2 spell: Sticks to Snakes
   596 | D:1      | Reached XP level 3. HP: 13/20 MP: 4/6
   601 | D:1      | Learned a level 3 spell: Spider Form
   847 | D:2      | Found a radiant altar of Vehumet.
  1231 | D:2      | Reached XP level 4. HP: 24/26 MP: 4/8
  1249 | D:2      | Found a shadowy altar of Dithmenos.
  1757 | D:2      | Reached skill level 1 in Poison Magic
  1873 | D:2      | Noticed Terence
  2018 | D:2      | Killed Terence
  2018 | D:2      | Reached skill level 4 in Unarmed Combat
  2018 | D:2      | Reached XP level 5. HP: 29/30 MP: 5/9
  3338 | D:3      | Learned a level 4 spell: Ice Form
  3824 | D:4      | Noticed Grinder
  3859 | D:4      | Noticed Robin
  3896 | D:3      | Reached XP level 6. HP: 36/36 MP: 0/10
  4012 | D:4      | Killed Robin
  4067 | D:4      | Reached skill level 1 in Throwing
  4533 | D:4      | Reached skill level 1 in Ice Magic
  4735 | D:3      | Reached XP level 7. HP: 23/40 MP: 8/12
  4981 | D:4      | Paralysed by Grinder for 4 turns
  4986 | D:4      | Killed Grinder
  4986 | D:4      | Reached skill level 5 in Unarmed Combat
  4986 | D:4      | Reached skill level 1 in Evocations
  5038 | D:4      | Found Jiatuch's Book Boutique.
  5432 | D:5      | Entered Level 5 of the Dungeon
  5498 | D:5      | Reached XP level 8. HP: 28/45 MP: 13/13
  6368 | D:5      | Reached skill level 6 in Unarmed Combat
  6529 | D:5      | Found a sparkling altar of Nemelex Xobeh.
  7071 | D:5      | Became a worshipper of Nemelex Xobeh the Trickster
  7164 | D:5      | Noticed Edmund
  7182 | D:5      | Killed Edmund
  7182 | D:5      | Reached XP level 9. HP: 49/49 MP: 13/15
  7247 | D:6      | Received a gift from Nemelex Xobeh
  7315 | D:6      | Reached skill level 1 in Invocations
  8183 | D:5      | Reached skill level 7 in Unarmed Combat
  8239 | D:6      | Reached skill level 5 in Spellcasting
  8536 | D:6      | Found a hazy altar of Hepliaklqana.
  9146 | D:6      | Learned a level 5 spell: Blade Hands
  9149 | D:6      | Learned a level 2 spell: Passwall
  9419 | D:7      | Reached skill level 5 in Transmutations
  9862 | D:7      | Reached skill level 1 in Earth Magic
  9893 | D:7      | Reached XP level 10. HP: 39/54 MP: 13/17
 10174 | D:7      | Found a bloodstained altar of Trog.
 10179 | D:7      | Found a shimmering altar of Xom.
 10210 | D:7      | Found a staircase to the Ecumenical Temple.
 10267 | D:7      | Slain by a killer bee

Illustrated notes

Levels and vault maps discovered:
D:1:      lightli_arrival_noodles, layout_rooms
D:2:      layout_loops_ring, fiery_altar_vehumet, marbit_many_paths,
          first_ration, cheibrodos_gnoll_hut, uniq_terence
D:3:      layout_basic, minmay_goblin_outpost
D:4:      layout_cave_pools, serial_shops, shop, uniq_grinder, uniq_robin
D:5:      layout_loops_ring, overflow_temple_1_default, uniq_edmund
D:6:      layout_loops_cross, kennysheep_little_box
D:7:      layout_basic, grunt_temple_overflow_open, temple_doors_e,
          sword_in_stone, uniq_maggie, uniq_joseph

Skill      XL: |  1  2  3  4  5  6  7  8  9 10 |
---------------+-------------------------------+-----
Fighting       | 2 |  2.4
Poison Magic   | 1 2 |  2.0
Unarmed Combat | 4 5 6 7 |  7.7
Spellcasting   | 3 4 5 |  5.4
Transmutations | 3 4 5 |  5.3
Throwing       | 1 2 3 4 |  4.6
Ice Magic      | 1 2 3 4 |  4.0
Evocations     | 1 3 4 |  4.9
Invocations    | 2 3 |  3.1
Earth Magic    | 1 |  1.5
Dodging        | |  2.4

Action                   |  1- 3 |  4- 6 |  7- 9 | 10-12 || total
-------------------------+-------+-------+-------+-------++-------
Melee: Unarmed           |    97 |   173 |   160 |    25 ||   455
       Punch             |     3 |     3 |       |       ||     6
       Headbutt          |     5 |       |       |       ||     5
       Kick              |     1 |     2 |       |       ||     3
 Fire: Hunting sling     |       |    51 |   347 |    31 ||   429
Throw: Dart              |       |       |     4 |       ||     4
 Cast: Beastly Appendage |    10 |     2 |       |       ||    12
       Sticks to Snakes  |     4 |     5 |    15 |     4 ||    28
       Spider Form       |       |    12 |    22 |       ||    34
       Ice Form          |       |       |       |     1 ||     1
Invok: Draw Destruction  |       |       |     2 |       ||     2
 Abil: End Transformatio |       |       |     3 |       ||     3
Evoke: Wand              |       |       |     8 |       ||     8
  Use: Scroll            |       |     7 |     3 |       ||    10
       Potion            |       |       |       |     1 ||     1
 Stab: Sleeping          |     1 |     1 |       |       ||     2
       Distracted        |     1 |     1 |     1 |       ||     3
  Eat: Chunk             |    10 |    14 |    19 |     1 ||    44
Armor: Robe              |     7 |    21 |    21 |     6 ||    55
       Skin              |       |     2 |     6 |     3 ||    11
Dodge: Dodged            |    86 |   191 |   272 |    72 ||   621
       Repelled          |       |       |     5 |       ||     5
